 Dungeon Crawl Stone Soup version 0.27.1-34-g3ba077fa99 (webtiles) character file.

Game seed: 1740472175528901618

72 Atelerd the Sneak (level 4, 0/27 HPs)
             Began as an Octopode Earth Elementalist on Jan 3, 2022.
             Slain by a gnoll (10 damage)
             ... on level 2 of the Dungeon.
             The game lasted 00:00:57 (1800 turns).

Atelerd the Sneak (Octopode Earth Elementalist)     Turns: 1800, Time: 00:00:58

Health: 0/27       AC:  1    Str:  7    XL:     4   Next: 25%
Magic:  6/7        EV: 13    Int: 18    God:
Gold:   38         SH:  0    Dex: 12    Spells: 7/8 levels left

rFire    . . .     SeeInvis .   c - +0 dagger
rCold    . . .     Faith    .   (no shield)
rNeg     . . .     Spirit   .   (helmet restricted)
rPois    .         Reflect  .   (no amulet)
rElec    .         Harm     .   (no ring)
rCorr    .         Rampage  .   (no ring)
Will     .....                  (no ring)
Stlth    ++++......             (no ring)
HPRegen  0.09/turn              (no ring)
MPRegen  0.10/turn              (no ring)
                                (no ring)
                                (no ring)

@: no status effects
A: almost no armour, amphibious, 8 rings, camouflage 1, gelatinous body 1,
(nimble swimmer 1), tentacles
a: no special abilities


You were on level 2 of the Dungeon.
You visited 1 branch of the dungeon, and saw 2 of its levels.

You collected 38 gold pieces.

Inventory:

Hand Weapons
 c - a +0 dagger (weapon)
Missiles
 b - 44 stones
Scrolls
 a - a scroll of identify {unknown}
 d - a scroll of brand weapon {unknown}
 e - a scroll of amnesia {unknown}
 f - a scroll of teleportation {unknown}
 h - 2 scrolls of enchant weapon {unknown}
 j - a scroll of magic mapping {unknown}
Potions
 g - a potion of haste {unknown}
 i - a potion of attraction {unknown}


   Skills:
 - Level 2.0 Dodging
 * Level 4.4 Stealth
 + Level 2.5 Spellcasting
 + Level 1.8 Transmutations
 + Level 3.4 Earth Magic


You had 7 spell levels left.
You knew the following spells:

 Your Spells              Type           Power      Damage    Failure   Level
a - Sandblast             Erth           28%        2d8       4%          1

Your spell library contained the following spells:

 Spells                   Type           Power      Damage    Failure   Level
 Passwall                 Tmut/Erth      9%         N/A       9%          2
 Stone Arrow              Conj/Erth      16%        3d8       26%         3
 Petrify                  Tmut/Erth      11%        N/A       50%         4


Dungeon Overview and Level Annotations

Branches:
Dungeon (2/15)

Altars:


Innate Abilities, Weirdness & Mutations

You cannot wear most types of armour.
You are amphibious.
You can wear up to eight rings at the same time.
Your skin changes colour to match your surroundings (Stealth+).
Your rubbery body absorbs attacks. (AC +1, EV +1)
((You are camouflaged near water. (Stealth+)))
You have tentacles for arms and can constrict up to eight enemies at once.


Message History

No target in view!
Found 8 atropa-tipped darts.
No target in view!
Found a cloak.
No target in view!
No target in view!
Found a stone staircase leading down.
No target in view!
You now have 38 gold pieces (gained 12).
You see here a +0 cloak.
No target in view!
No target in view!
There is a stone staircase leading down here.
There is a stone staircase leading down here.
Found a scale mail.
No target in view!
Found a club.
No target in view!
You see here a +0 club. 3 gnolls come into view.
The gnoll shouts! x2; You hear a shout!
There are monsters nearby!
The gnoll shouts!
You hit the gnoll but do no damage. You grab the gnoll.
You constrict the gnoll, but do no damage.
The gnoll hits you with a +0 club.
There are monsters nearby!
There are monsters nearby!
You hit the gnoll. You squeeze the gnoll.
The gnoll is moderately wounded.
You constrict the gnoll.
The gnoll hits you from afar with a +0 spear.
The gnoll hits you with a +0 club.
The blast of sand hits the gnoll!
You kill the gnoll!
A goblin comes into view. It is wielding a +0 dagger.
The gnoll hits you from afar with a +0 spear!
Unknown command.
The gnoll hits you with a +0 whip!
You die...

#.##.#######
#.......)..#
####.#####.# #.#
#.## #.# #..# . #g#
##.# # #. #g#
###.####...#. #g#
#......[.#### #@#
#.#.####...#. #.#
#.#.# #[#. #.# #.#.#
#... #.#
#.#>#######.. #..
..#..........
##########.[#######.
#...........# #.
#.#########.# #. #.#
#.# #.


You could see 2 gnolls and a goblin.

Vanquished Creatures
  A gnoll (D:2)
  2 adders (D:2)
  2 dart slugs (D:1)
  A bat (D:1)
  7 endoplasms (D:1)
  2 giant cockroaches (D:2)
  4 goblins
  4 hobgoblins (D:1)
  4 jackals (D:1)
  A quokka (D:1)
  A ball python (D:2)
  6 frilled lizards (D:1)
  2 kobolds (D:1)
37 creatures vanquished.

Notes
Turn   | Place    | Note
-------+----------+-------------------------------------------
     0 | D:1      | Atelerd the Octopode Earth Elementalist began the quest for
                  | the Orb.
     0 | D:1      | Reached XP level 1. HP: 11/11 MP: 3/3
   254 | D:1      | Reached skill level 3 in Stealth
   344 | D:1      | Reached XP level 2. HP: 6/17 MP: 3/5
   994 | D:1      | Reached XP level 3. HP: 21/21 MP: 6/6
  1560 | D:2      | Reached skill level 4 in Stealth
  1594 | D:2      | Reached XP level 4. HP: 27/27 MP: 5/7
  1800 | D:2      | Slain by a gnoll

Illustrated notes

Levels and vault maps discovered:
D:1:      psy_arrival_basics, layout_basic
D:2:      layout_loops_ring, ebering_ecumenical_altar_hall,
          minmay_shallow_snake_nest

Skill      XL: |  1  2  3 |
---------------+----------+-----
Stealth        | 3 4 |  4.4
Dodging        | |  2.0
Spellcasting   | |  2.5
Transmutations | |  1.8
Earth Magic    | |  3.4

Action                   |  1- 3 |  4- 6 || total
-------------------------+-------+-------++-------
Melee: Unarmed           |     7 |       ||     7
       Dagger            |    37 |     7 ||    44
       Constrict         |    12 |     3 ||    15
       Tentacles         |     4 |     1 ||     5
 Cast: Sandblast         |    24 |     1 ||    25
 Stab: Sleeping          |    12 |       ||    12
Armor: Skin              |     2 |     1 ||     3
Dodge: Dodged            |    34 |     3 ||    37
